AoeStats
← crtolino93

Nomad

504258706Analyzed
4v4 RM · 29d ago on Sep 4, 2026· 34m 23s· 8 players
Game mode
Random Map
Map size
231×231
Population
200
Speed
Normal
Resources
Standard
Victory
Conquest
Starting age
Dark Age
Ending age
Imperial Age
RankedLock teamsTeams togetherTeam positionsShared explorationLock speedFull tech treeHidden civsTurbo modeCheats
Victory
Defeat
🇺🇸 Japanese · United States
1160
+14
🇸🇮 Franks · Slovenia
1148
+14
🇷🇴 Vietnamese · Romania
1054
+19
🇺🇸 Berbers · United States
1049
+19
🇨🇳 Berbers · China
1165
-19
🇹🇼 Persians · Taiwan
1096
-16
🇨🇳 Malay · China
1093
-16
🇨🇳 Maya · China
1083
-15
sw恼火
3:31 Loom
15:54 Feudal Age
20:14 Castle Age
20:11 Horse Collar
20:54 Double-Bit Axe
Jason
7:57 Loom
17:49 Feudal Age
19:06 Wheelbarrow
18:27 Double-Bit Axe
18:51 Horse Collar
25:39 Castle Age
23:48 Stone Mining
26:25 Hand Cart
26:00 Town Watch
28:20 Bow Saw
32:50 Kamandaran
加成
4:32 Loom
15:50 Feudal Age
16:40 Double-Bit Axe
18:03 Fishing Lines
21:03 Castle Age
20:41 Gold Mining
22:12 Bow Saw
22:03 Gillnets
24:00 Horse Collar
24:58 Stone Mining
25:23 Fletching
26:34 Wheelbarrow
26:47 Bodkin Arrow
30:22 Hand Cart
32:11 Hand Cart
378080739
4:08 Loom
17:28 Feudal Age
27:35 Castle Age
27:22 Fishing Lines
27:43 Gold Mining
27:41 Double-Bit Axe
28:22 Fletching
28:33 Padded Archer Armor
Toadvine
6:08 Loom
15:46 Feudal Age
16:12 Fishing Lines
16:47 Double-Bit Axe
20:24 Castle Age
18:34 Stone Mining
20:54 Scale Mail Armor
20:54 Gold Mining
21:43 Wheelbarrow
21:25 Bow Saw
21:09 Gillnets
22:05 Chain Mail Armor
22:30 Gold Shaft Mining
21:48 Horse Collar
22:42 Hand Cart
22:50 Forging
24:12 Iron Casting
23:51 Arson
24:31 Squires
36:50 Imperial Age
crtolino93
3:36 Loom
19:07 Feudal Age
19:55 Double-Bit Axe
23:02 Castle Age
21:40 Scale Barding Armor
21:29 Gold Mining
25:15 Fletching
27:40 Fishing Lines
28:28 Bow Saw
29:06 Bodkin Arrow
31:23 Gillnets
31:36 Murder Holes
33:41 Wheelbarrow
Sageata
5:02 Loom
15:45 Feudal Age
21:30 Castle Age
20:00 Fletching
20:27 Horse Collar
20:40 Double-Bit Axe
26:36 Medium Warships
27:10 Bodkin Arrow
30:53 Padded Archer Armor
33:47 Wheelbarrow
34:00 Bow Saw
33:34 Horse Collar
fatmuddybear
Connection lost

Rejoining the realm…

Still unreachable

The connection could not be restored.

Session expired

The server has moved on; the page needs a fresh start.